[Event "Asian Amateur Rapid 2024"]
[Site "Al Ain"]
[Date "2024.12.15"]
[Round "4.21"]
[White "Al Hosni, Khalfan"]
[Black "Maleki, Alimohammad"]
[Result "1-0"]
[ECO "B07"]
[WhiteElo "1749"]
[BlackElo "1488"]
[Annotator "NA COMBH"]
[PlyCount "49"]
[EventDate "2024.12.15"]
[EventType "swiss"]
[EventCountry "UAE"]
[SourceTitle "playchess.com"]
[Source "ChessBase"]
[SourceQuality "1"]
[TimeControl "900+10"]

1. e4 d6 2. d4 Nf6 3. Nc3 Nbd7 4. Bg5 c6 5. f4 Qa5 6. Qd2 e5 7. Nf3 Be7 8. fxe5 dxe5 9. Bc4 exd4 10. Nxd4 Ne5 11. Bb3 h6 12. Bxf6 Bxf6 13. O-O Ng4 14. e5 Nxe5 15. Rae1 O-O 16. Rxf6 gxf6 17. Qxh6 Ng4 18. Qg6+ Kh8 19. Qd3 Qg5 20. Ne4 Qg6 21. h3 Ne5 22. Qe3 Bf5 23. Nxf5 Qxf5 24. Rf1 Qd7 {[%emt 0:00:54] Check Result:#1} 25. Qh6+ 1-0

[Event "Asian Amateur Rapid 2024"]
[Site "Al Ain"]
[Date "2024.12.15"]
[Round "4.22"]
[White "Medetuly, Nurdaulet"]
[Black "Hayder, Hassan Shyaa"]
[Result "1/2-1/2"]
[ECO "D55"]
[WhiteElo "1618"]
[BlackElo "1991"]
[Annotator "RC"]
[PlyCount "115"]
[EventDate "2024.12.15"]
[EventType "swiss"]
[EventCountry "UAE"]
[SourceTitle "playchess.com"]
[Source "ChessBase"]
[SourceQuality "1"]
[TimeControl "900+10"]

1. d4 d5 2. c4 e6 3. cxd5 exd5 4. Nc3 Nf6 5. Bg5 Be7 6. e3 O-O 7. Bd3 h6 8. Bh4 b6 9. Qc2 Bb7 10. Nf3 Nbd7 11. O-O c5 12. Rfe1 Rc8 13. Rad1 Ne4 14. Bxe7 Qxe7 15. Bxe4 dxe4 16. Nd2 cxd4 17. exd4 f5 18. Qb3+ Kh7 19. Nc4 Qg5 20. Nd6 Rc7 21. Ncb5 e3 22. Nxb7 exf2+ 23. Kxf2 Rxb7 24. Qd5 Rfb8 25. Nd6 Nf6 26. Qxf5+ Qxf5+ 27. Nxf5 Nd5 28. Re5 Rd7 29. g3 Rf8 30. Ke2 Rfd8 31. Rd2 g6 32. Ne3 Nb4 33. Re4 Nxa2 34. Nc2 Nc1+ 35. Kd1 Nb3 36. Rde2 Nxd4 37. Re7+ Rxe7 38. Rxe7+ Kg8 39. Nxd4 Rxd4+ 40. Kc2 a5 41. Re6 Rb4 42. Rxg6+ Kh7 43. Rc6 a4 44. Kc3 Rb3+ 45. Kc2 b5 46. Ra6 h5 47. Rb6 Kg7 48. Kc1 Rb4 49. Kc2 Rc4+ 50. Kd3 Rc5 51. Kd4 Rc4+ 52. Kd3 Rc5 53. Kd4 Rf5 54. Ke4 Rc5 55. Kd4 Rc4+ 56. Kd3 Rb4 57. Kc3 Rb3+ 58. Kc2 1/2-1/2

[Event "Asian Amateur Rapid 2024"]
[Site "Al Ain"]
[Date "2024.12.15"]
[Round "4.23"]
[White "Al Namas, Kanan"]
[Black "Olimjonov, Muhammadziyo"]
[Result "1-0"]
[ECO "C02"]
[WhiteElo "1813"]
[BlackElo "1505"]
[Annotator "NA COMBH"]
[PlyCount "117"]
[EventDate "2024.12.15"]
[EventType "swiss"]
[EventCountry "UAE"]
[SourceTitle "playchess.com"]
[Source "ChessBase"]
[SourceQuality "1"]
[TimeControl "900+10"]

1. e4 e6 2. d4 d5 3. e5 c5 4. c3 Nc6 5. f4 a6 6. Nf3 {[%emt 0:00:04] C02: French: Advance Variation.} b5 7. Be3 c4 8. Be2 Nge7 9. O-O a5 10. g4 b4 11. Nbd2 g6 12. Rf2 Qc7 13. Nf1 Bd7 14. Ng3 Bg7 15. Nh4 Qc8 16. Qc2 f5 17. exf6 Bxf6 18. Nf3 O-O 19. Ne5 Bg7 20. Raf1 Nxe5 21. fxe5 Qb7 22. Bg5 Nc6 23. h4 b3 24. axb3 Qxb3 25. Qd2 Rab8 26. Bd1 Qb7 27. h5 Rxf2 28. Rxf2 Rf8 29. h6 Rxf2 30. Qxf2 Bf8 31. Bc1 Be8 32. Nf1 Qf7 33. Qh4 Be7 34. g5 Na7 35. Ne3 Nc8 36. Ng4 Nb6 37. Nf6+ Bxf6 38. exf6 Qc7 39. Bf4 Qb7 40. Qe1 Kf7 41. Qe5 Ba4 42. Bg4 Bd7 43. Qd6 Nc8 44. Qa3 a4 45. Bd1 Qa6 46. Bc7 Qc6 47. Bd8 Qd6 48. Qxd6 Nxd6 49. Bc2 Ke8 50. Bc7 Nb5 51. Be5 a3 52. bxa3 Nxa3 53. Bxg6+ Kf8 54. Bxh7 Be8 55. g6 Bf7 56. g7+ Ke8 57. g8=Q+ Bxg8 58. Bxg8 Nb1 {[%emt 0:00:01] Check Result:#6} 59. h7 1-0

[Event "Asian Amateur Rapid 2024"]
[Site "Al Ain"]
[Date "2024.12.15"]
[Round "4.24"]
[White "Gong, Bonuonuo"]
[Black "Shafaghati, Rastin"]
[Result "1/2-1/2"]
[ECO "A13"]
[WhiteElo "1685"]
[BlackElo "1575"]
[Annotator "NA COMBH"]
[PlyCount "94"]
[EventDate "2024.12.15"]
[EventType "swiss"]
[EventCountry "UAE"]
[SourceTitle "playchess.com"]
[Source "ChessBase"]
[SourceQuality "1"]
[TimeControl "900+10"]

1. c4 e6 2. Nc3 d5 3. e3 Nf6 4. Nf3 Be7 5. b3 O-O 6. Bb2 c5 7. cxd5 exd5 8. d4 Nc6 9. Bb5 a6 10. Bxc6 bxc6 11. O-O cxd4 12. Nxd4 Bd7 13. Rc1 c5 14. Nf3 Bg4 15. Na4 Ne4 16. h3 Be6 17. Nd2 Nxd2 18. Qxd2 c4 19. bxc4 dxc4 20. Qxd8 Rfxd8 21. Nb6 Rab8 22. Bd4 Rxd4 23. exd4 Rxb6 24. Rfe1 Rd6 25. d5 Rxd5 26. Rxc4 g6 27. a4 Ra5 28. Rce4 Bf6 29. Rc1 Bf5 30. Re8+ Kg7 31. Rc4 Bd7 32. Ree4 Be6 33. Rc7 Bf5 34. Rb4 Rd5 35. g4 Rd1+ 36. Kg2 Be6 37. Rc2 Bd5+ 38. f3 Rd3 39. Rf2 Bd4 40. Rf1 a5 41. Rb5 Rd2+ 42. Kg3 Be5+ 43. f4 Rd3+ 44. Kh2 Rd2+ 45. Kg3 Rd3+ 46. Kh2 Rd2+ 47. Kg3 {[%emt 0:00:02] Check Result:0.00} Rd3+ 1/2-1/2

[Event "Asian Amateur Rapid 2024"]
[Site "Al Ain"]
[Date "2024.12.15"]
[Round "4.25"]
[White "Godhani Maharth"]
[Black "Kim, Taewoo A"]
[Result "0-1"]
[ECO "D06"]
[WhiteElo "1798"]
[BlackElo "1863"]
[Annotator "NA COMBH"]
[PlyCount "65"]
[EventDate "2024.12.15"]
[EventType "swiss"]
[EventCountry "UAE"]
[SourceTitle "playchess.com"]
[Source "ChessBase"]
[SourceQuality "1"]
[TimeControl "900+10"]

1. d4 d5 2. Nf3 Bf5 3. e3 e6 4. c4 Nf6 5. Nc3 Be7 6. Bd3 dxc4 7. Bxc4 Nbd7 8. O-O c5 9. Re1 cxd4 10. Nxd4 Bg6 11. e4 Nb6 12. Bb5+ Nfd7 13. a4 a6 14. Bf1 Rc8 15. a5 Nc4 16. Qa4 Qc7 17. Nce2 Bxe4 18. b3 Nd6 19. Bf4 Bc6 20. Nxc6 Qxc6 21. Qd4 Nf5 22. Qd2 O-O 23. g3 Nf6 24. Bg2 Nd5 25. Nc1 Bb4 26. Bxd5 Bxd2 $17 ({Black should try} 26... Qc5 $19 27. Nd3 Bxd2 (27... Qxd5 $2 {loses.} 28. Nxb4 Qxb3 29. Reb1 $18) 28. Nxc5 Rxc5 (28... exd5 29. Bxd2 Rxc5 30. Bb4 $17 (30. Ra4 $17)) (28... Bxe1 $2 29. Nxe6 Bxf2+ 30. Kxf2 $17) 29. Bxd2 Rxd5) 27. Bxc6 Bxe1 28. Bxb7 Rc2 29. Nd3 Bc3 30. Ra4 Nd4 31. Kg2 Nxb3 32. Bc7 Bd4 {[%emt 0:00:45] Check Result:-3.58} 33. Bb6 0-1

[Event "Asian Amateur Rapid 2024"]
[Site "Al Ain"]
[Date "2024.12.15"]
[Round "4.26"]
[White "Obado, Sean Adrich"]
[Black "Al Hinai, Qusay"]
[Result "0-1"]
[ECO "B13"]
[WhiteElo "1605"]
[BlackElo "1862"]
[Annotator "NA COMBH"]
[PlyCount "68"]
[EventDate "2024.12.15"]
[EventType "swiss"]
[EventCountry "UAE"]
[SourceTitle "playchess.com"]
[Source "ChessBase"]
[SourceQuality "1"]
[TimeControl "900+10"]

1. e4 c6 2. d4 d5 3. exd5 cxd5 4. Nc3 Nf6 5. Bf4 a6 6. Nf3 {[%emt 0:00:04] B13: Caro-Kann: Exchange Variation and Panov-Botvinnik Attack.} Nc6 7. Bd3 Bg4 8. Be5 e6 9. h3 Bxf3 10. Qxf3 Nxe5 11. dxe5 Nd7 12. Qg3 Qc7 13. O-O Qxe5 14. Qf3 Qf6 15. Qg3 Rc8 16. Rfe1 Be7 17. Re2 O-O 18. Rae1 Bb4 19. Rb1 Bxc3 20. bxc3 b5 21. Re3 Rfd8 22. Rf3 Qh6 23. Rf4 g6 24. a4 bxa4 25. Rxa4 Nc5 26. Ra5 Qd2 27. Bxa6 Nxa6 28. Rxa6 Qxc3 29. Qg5 Qxc2 30. Rba1 d4 $19 31. Ra7 Qf5 32. Qe7 d3 33. R1a5 Rc1+ 34. Kh2 {[%emt 0:00:09] Check Result:-#1} Qf4+ 0-1

[Event "Asian Amateur Rapid 2024"]
[Site "Al Ain"]
[Date "2024.12.15"]
[Round "4.28"]
[White "Abdulla Ateeq Alremaeithi"]
[Black "Al Mamari, Said Ahmed"]
[Result "1-0"]
[ECO "A21"]
[WhiteElo "1639"]
[BlackElo "1707"]
[Annotator "NA COMBH"]
[PlyCount "89"]
[EventDate "2024.12.15"]
[EventType "swiss"]
[EventCountry "UAE"]
[SourceTitle "playchess.com"]
[Source "ChessBase"]
[SourceQuality "1"]
[TimeControl "900+10"]

1. c4 e5 2. Nc3 f5 3. Nf3 d6 4. e3 Nf6 5. d4 Nbd7 6. Ng5 Qe7 7. Nb5 Nb6 8. dxe5 dxe5 9. Be2 c6 10. Nc3 h6 11. Nf3 g6 12. b3 Bd7 13. Bb2 O-O-O 14. Qc2 Bg7 15. O-O-O e4 16. Nd4 Ng4 17. Bxg4 fxg4 18. Qxe4 Qf7 19. Nce2 c5 20. Nb5 Bxb2+ 21. Kxb2 Bxb5 22. cxb5 Qxf2 23. Qxg4+ Kb8 24. Qf4+ Qxf4 25. exf4 Rde8 26. Rhe1 c4 27. Kc2 Re3 28. Nc3 Rhe8 29. Rxe3 Rxe3 30. Rd6 g5 31. f5 Re5 32. g4 h5 33. h3 hxg4 34. hxg4 Kc7 35. Rg6 cxb3+ 36. axb3 Nd7 37. Rxg5 Re1 38. Rg6 Rf1 39. Nd5+ Kd8 40. Rg8+ Nf8 41. Rxf8+ Kd7 42. g5 Kd6 43. Ne3 Rf2+ 44. Kd3 Rb2 {[%emt 0:00:00] Check Result:#13} 45. Nc4+ 1-0

[Event "Asian Amateur Rapid 2024"]
[Site "Al Ain"]
[Date "2024.12.15"]
[Round "4.29"]
[White "nawaf saleh basabaien"]
[Black "Eisa Mohmood, Alkhoori"]
[Result "0-1"]
[ECO "A01"]
[WhiteElo "1729"]
[BlackElo "1853"]
[Annotator "NA COMBH"]
[PlyCount "67"]
[EventDate "2024.12.15"]
[EventType "swiss"]
[EventCountry "UAE"]
[SourceTitle "playchess.com"]
[Source "ChessBase"]
[SourceQuality "1"]
[TimeControl "900+10"]

1. b3 e5 2. Bb2 Nc6 3. e3 d5 4. Bb5 Bd6 5. f4 Qe7 6. Nf3 f6 {[%emt 0:00:27] A01: Nimzowitsch-Larsen Opening.} 7. Nc3 Be6 8. O-O O-O-O 9. Bxc6 bxc6 10. fxe5 fxe5 11. h3 Nf6 12. d3 h6 13. Ne2 Bd7 14. c4 g5 15. Nh2 g4 16. hxg4 Nxg4 17. Nxg4 Bxg4 18. Qe1 Rhg8 19. cxd5 cxd5 20. Nc3 Bc5 21. Na4 Bh3 22. Rf2 Bxg2 23. Rxg2 Rxg2+ 24. Kxg2 Rg8+ 25. Kf1 Qg5 26. Ke2 Qxe3+ 27. Kd1 Rg1 28. Qxg1 Qxg1+ 29. Kc2 Qf2+ 30. Kb1 Qf1+ 31. Kc2 Qe2+ 32. Kc3 Bd4+ 33. Kb4 Bxb2 $19 {[%emt 0:00:12] Check Result:-61.91} 34. Nxb2 0-1

[Event "Asian Amateur Rapid 2024"]
[Site "Al Ain"]
[Date "2024.12.15"]
[Round "4.30"]
[White "Alajati, Abdl Alrahman."]
[Black "Mohamed Yousuf Al-Ali"]
[Result "0-1"]
[ECO "B13"]
[WhiteElo "1555"]
[BlackElo "1569"]
[Annotator "NA COMBH"]
[PlyCount "84"]
[EventDate "2024.12.15"]
[EventType "swiss"]
[EventCountry "UAE"]
[SourceTitle "playchess.com"]
[Source "ChessBase"]
[SourceQuality "1"]
[TimeControl "900+10"]

1. e4 c6 2. d4 d5 3. exd5 cxd5 4. Bd3 Nf6 5. h3 Nc6 6. c3 g6 7. Nf3 Bg7 8. O-O O-O 9. Bf4 Bf5 10. Bxf5 gxf5 11. Nbd2 Ne4 12. Re1 Qb6 13. Qc2 Rac8 14. Nb3 Nxd4 15. Nbxd4 Bxd4 16. Nxd4 Qxd4 17. Qe2 Nxc3 18. Qf3 Ne4 19. Rad1 Qxb2 20. Rxd5 Rc3 21. Be3 e6 22. Rd4 Ra3 23. Rxe4 fxe4 24. Qxe4 Rd8 25. Bf4 Qd4 26. Bh6 Qxe4 27. Rxe4 f5 28. Rxe6 Kf7 29. Re5 Rxa2 30. Rxf5+ Kg6 31. Bg5 Rd1+ 32. Kh2 Kxf5 33. Be3 b5 34. g4+ Ke4 35. Kg3 Rd3 36. h4 Rxe3+ 37. fxe3 b4 38. g5 b3 39. h5 b2 40. g6 b1=Q 41. gxh7 Qg1+ 42. Kh4 {[%emt 0:00:04] Check Result:?ev?} Rh2# 0-1

[Event "Asian Amateur Rapid 2024"]
[Site "Al Ain"]
[Date "2024.12.15"]
[Round "4.31"]
[White "Humaidan Mohamed, Alzaabi"]
[Black "Sinno, Abdul Salam"]
[Result "1-0"]
[ECO "B43"]
[WhiteElo "1811"]
[BlackElo "1527"]
[Annotator "NA COMBH"]
[PlyCount "76"]
[EventDate "2024.12.15"]
[EventType "swiss"]
[EventCountry "UAE"]
[SourceTitle "playchess.com"]
[Source "ChessBase"]
[SourceQuality "1"]
[TimeControl "900+10"]

1. e4 c5 2. Nf3 e6 3. d4 cxd4 4. Nxd4 a6 5. Nc3 Qc7 6. Bd3 Bb4 7. Bd2 {[%emt 0:00:08] B43: Sicilian: Kan Variation: 5 Nc3.} Nf6 8. Qe2 d6 {[%emt 0:00:13] is the new trend.} 9. O-O-O e5 10. Nf3 $146 ({Predecessor:} 10. Nb3 O-O 11. Kb1 Bxc3 12. Bxc3 Nc6 13. Qe1 a5 14. a4 h6 15. f4 Bg4 16. Rd2 {0-1 Ansat,A (2421)-Maghsoodloo,P (2732) Aktobe Dvorkovich op 2024 (1)}) 10... Be6 11. Kb1 Bxc3 12. Bxc3 Nbd7 13. Ng5 b5 14. Nxe6 fxe6 15. g4 h6 16. h4 g6 17. g5 Nh5 18. gxh6 Nf4 19. Qg4 Nf6 20. Qg5 O-O-O 21. Qxf6 Rxh6 22. Bd2 Rhh8 23. Bxf4 exf4 24. Qxe6+ Kb8 25. Qxg6 Rdg8 26. Qf6 Rf8 27. Qd4 Rh5 28. Rdg1 Re5 29. Rg5 Rfe8 30. Rxe5 dxe5 31. Qb4 Rd8 32. h5 Rd4 33. Qc3 Qh7 34. h6 b4 35. Qc6 a5 36. Qb6+ Ka8 37. Qxa5+ Kb8 38. Qxe5+ {[%emt 0:00:06] Check Result:#8} Kc8 1-0

[Event "Asian Amateur Rapid 2024"]
[Site "Al Ain"]
[Date "2024.12.15"]
[Round "4.32"]
[White "Khabdes, Bakytzhan"]
[Black "Ibrahim Imran Saeed"]
[Result "0-1"]
[ECO "C84"]
[WhiteElo "1437"]
[BlackElo "1681"]
[Annotator "NA COMBH"]
[PlyCount "110"]
[EventDate "2024.12.15"]
[EventType "swiss"]
[EventCountry "UAE"]
[SourceTitle "playchess.com"]
[Source "ChessBase"]
[SourceQuality "1"]
[TimeControl "900+10"]

1. e4 e5 2. Nf3 Nc6 3. Bb5 a6 4. Ba4 Nf6 5. O-O Be7 6. c3 b5 7. Bb3 O-O 8. d4 exd4 9. e5 Ne8 10. cxd4 d6 11. Nc3 Bg4 12. h3 Bxf3 13. gxf3 dxe5 14. dxe5 Nxe5 15. Qxd8 Rxd8 16. Kg2 Rd6 17. Bf4 Rg6+ 18. Bg3 h5 19. Bc2 f5 20. Kh1 Nxf3 21. a4 h4 22. Bf4 Bd6 23. Nd5 Bxf4 24. Ne7+ Kh7 25. Nxg6 Kxg6 26. axb5 axb5 27. Ra3 Nd4 28. Rg1+ Kf6 29. Ra6+ Nd6 30. Bd1 Re8 31. Ra7 Re7 32. Ra8 Ne4 33. Kg2 Bd6 34. Rf8+ Ke6 35. Rb8 Ke5 36. Re1 Kf4 37. Rd8 Re6 38. Bh5 Rh6 39. Bf7 Rf6 40. Bh5 g6 41. Bd1 Ne6 42. Rh8 Kg5 43. Bb3 Nf4+ 44. Kf3 Nd2+ 45. Ke3 Bc5+ 46. Kxd2 Bb4+ 47. Kd1 Rd6+ 48. Kc2 Bxe1 49. Rh7 c6 50. Bg8 Bxf2 51. Rc7 Nxh3 52. Bf7 Nf4 53. Be8 Ne6 54. Rc8 Kg4 55. Kb3 {[%emt 0:00:00] Check Result:-#14} h3 0-1

[Event "Asian Amateur Rapid 2024"]
[Site "Al Ain"]
[Date "2024.12.15"]
[Round "4.33"]
[White "Kanev, Evgeny"]
[Black "Mohammed Saeed Alshamsi"]
[Result "1-0"]
[ECO "A08"]
[WhiteElo "1785"]
[BlackElo "1535"]
[Annotator "NA COMBH"]
[PlyCount "73"]
[EventDate "2024.12.15"]
[EventType "swiss"]
[EventCountry "UAE"]
[SourceTitle "playchess.com"]
[Source "ChessBase"]
[SourceQuality "1"]
[TimeControl "900+10"]

1. Nf3 d5 2. g3 c5 3. Bg2 Nc6 4. O-O e5 5. d3 Nf6 6. Nfd2 Bd6 7. Nc3 Be6 8. e4 d4 9. Ne2 O-O 10. f4 Bg4 11. f5 Nb4 12. Nf3 Re8 13. h3 Bxf3 14. Bxf3 b5 15. a3 Nc6 16. g4 c4 17. g5 cxd3 18. cxd3 Nd7 19. Ng3 b4 20. Bh5 g6 21. Bg4 Nc5 22. f6 bxa3 23. bxa3 Rb8 24. Nf5 Bf8 25. h4 Rb3 26. Rf3 Qb6 27. h5 Qa6 28. hxg6 hxg6 29. Qe1 Rxd3 30. Qh4 Rxf3 31. Bxf3 gxf5 32. exf5 e4 33. g6 fxg6 34. fxg6 Qb7 35. f7+ Qxf7 36. gxf7+ Kxf7 {[%emt 0:00:02] Check Result:17.91} 37. Bh5+ 1-0

[Event "Asian Amateur Rapid 2024"]
[Site "Al Ain"]
[Date "2024.12.15"]
[Round "4.35"]
[White "Mohammed Hamad Alkhemeiri"]
[Black "Lee, Onbin"]
[Result "1-0"]
[ECO "B77"]
[WhiteElo "1482"]
[BlackElo "1686"]
[Annotator "NA COMBH"]
[PlyCount "87"]
[EventDate "2024.12.15"]
[EventType "swiss"]
[EventCountry "UAE"]
[SourceTitle "playchess.com"]
[Source "ChessBase"]
[SourceQuality "1"]
[TimeControl "900+10"]

1. e4 c5 2. Nf3 d6 3. d4 cxd4 4. Nxd4 Nf6 5. Nc3 g6 6. Be3 Bg7 7. f3 O-O 8. Bc4 Nc6 9. Qd2 Nxd4 10. Bxd4 Be6 11. Bb3 Qa5 12. Nd5 Qxd2+ 13. Kxd2 Bxd5 14. Bxf6 Bxb3 15. Bxg7 Kxg7 16. axb3 Rfc8 17. Ra4 a5 18. Rha1 b6 19. b4 Rab8 20. bxa5 bxa5 21. b3 Rc7 22. Rxa5 Rbc8 23. R1a2 h5 24. Ra7 Kf6 25. Rxc7 Rxc7 26. Ra5 h4 27. g3 hxg3 28. hxg3 Ke6 29. c4 f5 30. exf5+ gxf5 31. f4 Kf6 32. Rd5 Rc6 33. Kc3 e6 34. Rd3 d5 35. Kd4 dxc4 36. bxc4 Rc8 37. Re3 Rc7 38. c5 Ke7 39. Rc3 Kf6 40. c6 Ke7 41. Ke5 Kf7 42. Kd6 Rc8 43. c7 Ke8 {[%emt 0:00:27] Check Result:#9} 44. Kxe6 1-0

[Event "Asian Amateur Rapid 2024"]
[Site "Al Ain"]
[Date "2024.12.15"]
[Round "4.36"]
[White "KHALID ALHAWAY"]
[Black "Muhammad Saifan Noushad Ibrahi"]
[Result "0-1"]
[ECO "B06"]
[WhiteElo "1529"]
[BlackElo "1534"]
[Annotator "NA COMBH"]
[PlyCount "93"]
[EventDate "2024.12.15"]
[EventType "swiss"]
[EventCountry "UAE"]
[SourceTitle "playchess.com"]
[Source "ChessBase"]
[SourceQuality "1"]
[TimeControl "900+10"]

1. d4 g6 2. e4 Bg7 3. Nc3 c6 4. Be3 b5 5. Nf3 Nf6 6. e5 Ng4 7. Bf4 h5 8. h3 Nh6 9. Qd2 Ng8 10. Bd3 e6 11. Ne4 Bf8 12. Bg5 Qb6 13. O-O c5 14. Bf6 Nxf6 15. Nxf6+ Kd8 16. Ng5 Ke7 17. Nge4 c4 18. Qg5 Bh6 19. Nd5+ Kf8 20. Qe7+ Kg7 21. Nxb6 axb6 22. Qf6+ Kg8 23. Nd6 Rh7 24. Nxc8 cxd3 25. cxd3 Nc6 26. Nxb6 Rd8 27. d5 exd5 28. Nxd5 Bg7 29. Qg5 Bxe5 30. Ne7+ Nxe7 31. Qxe7 Bc7 32. Rac1 f5 33. Qg5 Bb6 34. Qxg6+ Rg7 35. Qxb6 Rf8 36. Qh6 f4 37. Rc5 h4 38. Qxg7+ Kxg7 39. Rxb5 Kg6 40. Rb4 Rf5 41. d4 f3 42. gxf3 Rxf3 43. Kg2 Rf4 44. Re1 Kf6 45. f3 d6 46. Re4 Rxe4 {[%emt 0:00:21] #10} 47. fxe4 0-1

[Event "Asian Amateur Rapid 2024"]
[Site "Al Ain"]
[Date "2024.12.15"]
[Round "4.37"]
[White "Abdulla Younes Alkhemeiri"]
[Black "Alymjanov, Mekan"]
[Result "0-1"]
[ECO "D77"]
[WhiteElo "1547"]
[BlackElo "1480"]
[Annotator "NA COMBH"]
[PlyCount "98"]
[EventDate "2024.12.15"]
[EventType "swiss"]
[EventCountry "UAE"]
[SourceTitle "playchess.com"]
[Source "ChessBase"]
[SourceQuality "1"]
[TimeControl "900+10"]

1. b3 e6 2. Nf3 Nf6 3. g3 g6 4. Bb2 Bg7 5. Bg2 O-O 6. d4 d5 7. O-O Nbd7 8. Nbd2 c5 9. c4 b6 10. Rc1 Rb8 11. dxc5 Nxc5 12. Ne5 Bb7 13. cxd5 Nxd5 14. Ndf3 Nb4 15. Ba3 Nxa2 16. Rc2 Bd5 17. Rd2 Nc3 18. Qc2 N3e4 19. Rd4 Nxb3 20. Rxe4 Bxe4 21. Qxe4 Nd2 22. Nxd2 Qxd2 23. Bxf8 Rxf8 24. Qd3 Rd8 25. Qxd2 Rxd2 26. Nc6 a5 27. e4 a4 28. e5 Rc2 29. Rb1 a3 30. Nb4 a2 31. Ra1 Rb2 32. Nxa2 Bxe5 33. Re1 Bd4 34. Nc1 Bxf2+ 35. Kf1 Bxe1 36. Nd3 Rxg2 37. Kxg2 Ba5 38. Kf2 b5 39. Ke2 b4 40. Kd2 b3+ 41. Kc1 Bc3 42. Kb1 e5 43. Nf2 f5 44. Kc1 e4 45. Kd1 Bd4 46. Nh1 Kf7 47. h3 e3 48. g4 b2 49. Kc2 {[%emt 0:00:07] Check Result:-#7} e2 0-1

[Event "Asian Amateur Rapid 2024"]
[Site "Al Ain"]
[Date "2024.12.15"]
[Round "4.38"]
[White "Al Riyami, Saeed"]
[Black "Saud Bader Huwair Alzarooni"]
[Result "0-1"]
[ECO "D00"]
[WhiteElo "1426"]
[BlackElo "1644"]
[Annotator "NA COMBH"]
[PlyCount "52"]
[EventDate "2024.12.15"]
[EventType "swiss"]
[EventCountry "UAE"]
[SourceTitle "playchess.com"]
[Source "ChessBase"]
[SourceQuality "1"]
[TimeControl "900+10"]

1. d4 Nf6 2. Nc3 d5 3. Bf4 e6 4. Nf3 Bd6 5. Bg3 c5 6. e3 a6 7. Bd3 O-O 8. e4 dxe4 9. Nxe4 Nxe4 10. Bxe4 Nc6 11. O-O Bxg3 12. Bxc6 Bxh2+ 13. Nxh2 bxc6 14. c3 cxd4 15. cxd4 Qd5 16. Re1 Rb8 17. Re5 Qd8 18. b3 Rb4 19. Re4 c5 20. Nf3 cxd4 21. Nxd4 Qd5 22. Qd3 e5 23. Rh4 f5 24. Qxa6 Bxa6 25. Nc2 Bb7 26. Nxb4 {[%emt 0:00:05] Check Result:?ev?} Qxg2# 0-1

[Event "Asian Amateur Rapid 2024"]
[Site "Al Ain"]
[Date "2024.12.15"]
[Round "4.42"]
[White "Muhammad Saleem, Hamad"]
[Black "Amirgali, Zhanali"]
[Result "1-0"]
[ECO "C50"]
[WhiteElo "1577"]
[BlackElo "1497"]
[Annotator "NA COMBH"]
[PlyCount "71"]
[EventDate "2024.12.15"]
[EventType "swiss"]
[EventCountry "UAE"]
[SourceTitle "playchess.com"]
[Source "ChessBase"]
[SourceQuality "1"]
[TimeControl "900+10"]

1. e4 e5 2. Nf3 Nc6 3. Bc4 Nf6 4. d3 Bc5 5. Bg5 h6 6. Bh4 g5 7. Bg3 d6 8. Nc3 g4 9. Nh4 Nh5 10. Nf5 Bxf5 11. exf5 Nxg3 12. hxg3 Qf6 13. Qxg4 O-O-O 14. O-O-O Rdg8 15. Qf3 Nd4 16. Qe4 Nxf5 17. Nd5 Qg5+ 18. f4 Nxg3 19. fxg5 Nxe4 20. Ne7+ Kd7 21. Nxg8 Rxg8 22. dxe4 hxg5 23. Bxf7 Rf8 24. Rhf1 Be3+ 25. Kb1 Ke7 26. Bd5 Rh8 27. Rf7+ Ke8 28. Rxc7 b6 29. Rc8+ Kd7 30. Rxh8 g4 31. Rg8 b5 32. Rxg4 Bh6 33. Rf1 a5 34. Rf7+ Ke8 35. Rg8+ Bf8 {[%emt 0:00:00] Check Result:?ev?} 36. Rgxf8# 1-0

[Event "Asian Amateur Rapid 2024"]
[Site "Al Ain"]
[Date "2024.12.15"]
[Round "5.1"]
[White "Vivaan Sachdev"]
[Black "Ahmad, Al Romaithi"]
[Result "0-1"]
[ECO "B22"]
[WhiteElo "1824"]
[BlackElo "1976"]
[Annotator "NA COMBH"]
[PlyCount "108"]
[EventDate "2024.12.15"]
[EventType "swiss"]
[EventCountry "UAE"]
[SourceTitle "playchess.com"]
[Source "ChessBase"]
[SourceQuality "1"]
[TimeControl "900+10"]

1. e4 c5 2. c3 Nf6 3. e5 Nd5 4. Bc4 Nb6 5. Bb3 d6 6. exd6 Qxd6 7. d4 cxd4 8. Nf3 dxc3 9. Qe2 e6 10. Nxc3 Bd7 11. O-O Be7 12. Rd1 Qc7 13. a4 O-O 14. a5 Nc8 15. Ne5 Bd6 16. Bf4 Rd8 17. Rac1 Qxa5 18. Nc4 Qb4 19. Bxd6 Nxd6 20. Rxd6 Qxb3 21. Rcd1 Rc8 22. Na5 Qb4 23. Qf3 Qxa5 24. Qxb7 Qc7 25. Qxa8 Bc6 26. Rxc6 Nxc6 27. Nb5 Qxh2+ 28. Kxh2 Rxa8 29. Rd7 g5 30. Rc7 Ne5 31. Nxa7 Rb8 32. Rc5 f6 33. Rc2 Nd3 34. Rd2 Nxb2 35. Nc6 Rb6 36. Rd8+ Kg7 37. Rd7+ Kh6 38. Ne7 f5 39. Ng8+ Kg6 40. Ne7+ Kf6 41. Ng8+ Kg6 42. Ne7+ Kf6 43. Ng8+ Ke5 44. Rxh7 Nd3 45. f3 Rb2 46. Rg7 Ne1 47. Kg1 Nxg2 48. Rxg5 Nh4 49. Rg3 Kf4 50. Rh3 Nxf3+ 51. Kf1 Rb1+ 52. Kf2 Rb2+ 53. Kf1 Ke3 54. Rh6 {[%emt 0:00:15] Check Result:?ev?} Rf2# 0-1

[Event "Asian Amateur Rapid 2024"]
[Site "Al Ain"]
[Date "2024.12.15"]
[Round "5.2"]
[White "Abdulrahim, Salem"]
[Black "Mujahid Bin Yazeed"]
[Result "1-0"]
[ECO "B54"]
[WhiteElo "1843"]
[BlackElo "1837"]
[Annotator "NA COMBH"]
[PlyCount "90"]
[EventDate "2024.12.15"]
[EventType "swiss"]
[EventCountry "UAE"]
[SourceTitle "playchess.com"]
[Source "ChessBase"]
[SourceQuality "1"]
[TimeControl "900+10"]

1. e4 c5 2. Nf3 Nc6 3. d4 cxd4 4. Nxd4 d6 5. Nc3 e5 6. Nf3 h6 7. h3 Be6 8. Bb5 a6 9. Ba4 Nf6 10. Bb3 Be7 11. O-O Qd7 12. Re1 Bxh3 13. gxh3 Qxh3 14. Nh2 h5 15. Qf3 Qd7 16. Nd5 Nd4 17. Qg2 Nxd5 18. exd5 O-O-O 19. Be3 Nf5 20. Ba7 Qc7 21. Qe4 b6 22. Qxf5+ Kb7 23. Bxb6 Qxb6 24. Ba4 Bh4 25. Re3 Qc7 26. Rb3+ Ka7 27. Qe4 Bg5 28. Rc3 Qe7 29. Qc4 Rc8 30. Bc6 Rb8 31. b4 Bf4 32. Ra3 Qg5+ 33. Kh1 Rb6 34. Qf1 Qh4 35. Qg2 Rxb4 36. Rb3 Rhb8 37. Rab1 Bxh2 38. Qxh2 Qe4+ 39. Qg2 Qh4+ 40. Qh2 Qe4+ 41. Kg1 Qg6+ 42. Kf1 a5 43. Rxb4 axb4 44. Qg3 Qe4 45. Qxg7 {[%emt 0:00:31] Check Result:3.70} Qf3 1-0